 Dungeon Sprint DCSS version 0.21-a0-91-ga5031da (webtiles) character file.

35411 pib the Scorcher (level 13, -6/96 HPs)
             Began as an Octopode Fire Elementalist on June 29, 2017.
             Was the Champion of Sif Muna.
             Mangled by a red devil
             ... wielding a +0 trident
              (15 damage)
             ... in the Dungeon (Sprint V: "Ziggurat Sprint").
             The game lasted 00:59:15 (2216 turns).

pib the Scorcher (Octopode Fire Elementalist)       Turns: 2216, Time: 00:59:16

Health: -6/96      AC:  1    Str: 13    XL:     13   Next: 83%
Magic:  8/45       EV: 26    Int: 42    God:    Sif Muna [******]
Gold:   0          SH:  0    Dex: 25    Spells: 1/38 levels left

rFire    + . .     SeeInvis .   L - +6 Majin-Bo {vamp, Archmagi MP+6 Int+6}
rCold    x . .     Gourm    .   (shield currently unavailable)
rNeg     . . .     Faith    .   (helmet restricted)
rPois    .         Spirit   .   I - amulet "Vudahar" {RegenMP +Inv}
rElec    .         Reflect  .   h - +2 ring of intelligence
rCorr    .         Harm     .   C - +6 ring of strength
MR       .....     NoTele   +   x - +6 ring of dexterity
Stlth    ++++......             y - +6 ring of dexterity
HPRegen  0.26/turn              z - +6 ring of intelligence
MPRegen  0.54/turn              A - +6 ring of intelligence
                                U - ring of magical power
                                T - ring of fire

@: death channel
A: almost no armour, stealthy swim, amphibious, 8 rings, constrict 8, camouflage
1, gelatinous body 1
a: Divine Energy, Channel Magic, Forget Spell, Renounce Religion, Evoke
Invisibility


You were in the Dungeon.
You worshipped Sif Muna.
Sif Muna was exalted by your worship.
You were not hungry.

You visited 1 branch

Inventory:

Hand Weapons
 B - the +3 Elemental Staff {rElec rF++ rC++ MR++ AC+5}
   (You found it in the Dungeon)

   It affects your AC (+5).
   It greatly protects you from fire.
   It greatly protects you from cold.
   It insulates you from electricity.
   It affects your resistance to hostile enchantments.
 L - the +6 Majin-Bo (weapon) {vamp, Archmagi MP+6 Int+6}
   (You found it in the Dungeon)

   It inflicts no extra harm, but heals its wielder when it wounds a living foe.
   It affects your intelligence (+6).
   It affects your magic capacity (+6).
Armour
 M - the +18 shield of the Gong {rElec rN+ MR+ EV-5}
   (You found it in the Dungeon)

   It affects your evasion (-5).
   It insulates you from electricity.
   It protects you from negative energy.
   It affects your resistance to hostile enchantments.
Magical Staves
 R - an uncursed staff of wizardry
 Y - an uncursed staff of summoning
Jewellery
 a - an uncursed ring of wizardry
 h - a +2 ring of intelligence (left tentacle)
 x - a +6 ring of dexterity (on tentacle)
 y - a +6 ring of dexterity (on tentacle)
 z - a +6 ring of intelligence (on tentacle)
 A - a +6 ring of intelligence (on tentacle)
 C - a +6 ring of strength (right tentacle)
 I - the amulet "Vudahar" (around mantle) {RegenMP +Inv}
   (You found it in the Dungeon)

   [amulet of magic regeneration]

   It increases your magic regeneration.
   It lets you turn invisible.
 T - a ring of fire (on tentacle)
 U - a ring of magical power (on tentacle)
Wands
 D - a wand of disintegration (1/24)
 E - a wand of iceblast (6/15)
 F - a wand of lightning (4/15)
 G - a wand of acid (3/15)
Scrolls
 o - 3 scrolls of amnesia
 p - a scroll of brand weapon
 q - 7 scrolls of fog
 r - a scroll of holy word
 s - 5 scrolls of identify
 t - 5 scrolls of remove curse
 u - 2 scrolls of fear
Potions
 c - 9 potions of curing
 d - 8 potions of heal wounds
 e - 6 potions of haste
 f - 7 potions of magic
 g - 3 potions of berserk rage
 i - 2 potions of brilliance
 j - 2 potions of invisibility
 k - 4 potions of resistance
 m - 6 potions of agility
 n - 6 potions of might
Books
 l - a Necronomicon

   Spells                             Type                      Level
   a - Haunt                          Necromancy/Summoning         7
   b - Borgnjor's Revivification      Necromancy                   8
   c - Death's Door                   Charms/Necromancy            8
   d - Infestation                    Necromancy                   8
   e - Necromutation                  Transmutation/Necromancy     8
 H - Sif Muna's Compendium of the Harmful Glacier
   (Sif Muna gifted it to you in the Dungeon)

   Spells                             Type                      Level
   a - Shock                          Conjuration/Air              1
   b - Throw Icicle                   Conjuration/Ice              4
   c - Orb of Destruction             Conjuration                  7
   d - Fire Storm                     Conjuration/Fire             9
 K - a book of Unlife

   Spells                             Type                      Level
   a - Recall                         Summoning/Translocation      3
   b - Animate Dead                   Necromancy                   4
   c - Control Undead                 Necromancy                   4
   d - Cigotuvi's Embrace             Necromancy                   5
   e - Death Channel                  Necromancy                   6
   f - Simulacrum                     Ice/Necromancy               6
 N - a book of Necromancy

   Spells                             Type                      Level
   a - Pain                           Necromancy                   1
   b - Animate Skeleton               Necromancy                   1
   c - Vampiric Draining              Necromancy                   3
   d - Regeneration                   Charms/Necromancy            3
   e - Animate Dead                   Necromancy                   4
   f - Control Undead                 Necromancy                   4
 S - a book of Death

   Spells                             Type                      Level
   a - Corpse Rot                     Necromancy                   2
   b - Sublimation of Blood           Necromancy                   2
   c - Agony                          Necromancy                   5
   d - Dispel Undead                  Necromancy                   5
   e - Excruciating Wounds            Charms/Necromancy            5
   f - Bolt of Draining               Conjuration/Necromancy       5
 V - a Grand Grimoire

   Spells                             Type                      Level
   a - Monstrous Menagerie            Summoning                    7
   b - Summon Greater Demon           Summoning                    7
   c - Malign Gateway                 Summoning/Translocation      7
   d - Summon Horrible Things         Summoning                    8
Miscellaneous
 J - a crystal ball of energy
 O - a fan of gales
 P - a lamp of fire
 Q - 4 sacks of spiders
 X - a phial of floods
 Z - a phial of floods
Comestibles
 b - 2 bread rations
 v - 29 fruits
 w - 2 meat rations


   Skills:
 - Level 11.7 Fighting
 - Level 12.0 Dodging
 - Level 2.6 Stealth
 + Level 13.2 Spellcasting
 - Level 11.3 Conjurations
 + Level 8.8 Charms
 + Level 4.4 Summonings
 - Level 10.2 Necromancy
 - Level 20.5 Fire Magic
 - Level 4.1 Air Magic
 - Level 5.6 Invocations
 - Level 9.2 Evocations


You had one spell level left.
You knew the following spells:

 Your Spells              Type           Power        Failure   Level  Hunger
a - Flame Tongue          Conj/Fire      #####        0%          1    None
b - Bolt of Draining      Conj/Necr      ########..   1%          5    None
c - Regeneration          Chrm/Necr      ########..   1%          3    None
d - Deflect Missiles      Chrm/Air       #######...   12%         6    None
e - Ignition              Fire           #########.   1%          8    #####..
f - Sublimation of Blood  Necr           ########..   1%          2    None
g - Death Channel         Necr           ########..   2%          6    None
h - Shadow Creatures      Summ           N/A          26%         6    None


Dungeon Overview and Level Annotations

Branches:
Dungeon (1/1)

Altars:
Ashenzari
Cheibriados
Dithmenos
Elyvilon
Fedhas
Gozag
Hepliaklqana
Kikubaaqudgha
Makhleb
Nemelex Xobeh
Okawaru
Qazlal
Ru
Sif Muna
Trog
Uskayaw
Vehumet
Wu Jian
Xom
Yredelemnul
Zin
The Shining One
Beogh
Jiyva
Lugonu


Innate Abilities, Weirdness & Mutations

You cannot wear most types of armour.
You are very stealthy in the water. (Stealth+)
You are amphibious.
You can wear up to eight rings at the same time.
You can use your tentacles to constrict eight enemies at once.
Your skin changes colour to match your surroundings (Stealth+).
Your rubbery body absorbs attacks. (AC +1, EV +1)


Message History

The hell hog is severely wounded.
The fireball engulfs the red devil.
The red devil completely resists.
The red devil is heavily wounded.
The fireball engulfs the hell knight.
The hell knight completely resists.
The hell knight is moderately wounded.
The fireball engulfs the hell knight.
The hell knight completely resists.
The hell knight is moderately wounded.
* * * LOW HITPOINT WARNING * * *
The hell hog closely misses you. The red devil completely misses you.
You feel much better. The hell hog breathes fire at you.
The fireball explodes!
The fireball engulfs you! You resist.
* * * LOW HITPOINT WARNING * * *
The fireball engulfs the hell hog.
The hell hog resists.
The fireball engulfs the hell knight.
The hell knight completely resists.
The hell knight gestures at you while chanting.
You resist with significant effort. The hell hog bites you.
* * * LOW HITPOINT WARNING * * *
The red devil hits you from afar with a trident!
You die...

▓.............▓...:..)
▓.............▓.......
▓.............▓.......
▓.....).......▓.......
▓.............▓..▓....
▓....§..§.....▓.▓▓▓...
▓..▓§§4§§..▓..▓..▓..:.
▓....p§§§.....▓.......
▓....@h§......▓▓▓▓▓▓▓▓
▓.......§.....▓....8©8
▓▓▓▓▓▓▓▓▓▓▓▓▓▓▓..[|}|:
▓...?)|= ▓.......
▓....... ▓.......
▓....... ▓..▓....


You could see a hell knight, a hell hog and a red devil.

Vanquished Creatures
  A lich (D)
  A frost giant (D)
  A reaper (D)
  An apis (D)
  2 deep elf annihilators (D)
  2 blizzard demons (D)
  A great orb of eyes (D)
  2 ice dragons (D)
  3 spriggan air magi (D)
  6 dancing weapons (D)
  3 spriggan berserkers (D)
  3 deep elf knights (D)
  A skeletal warrior (D)
  A glowing orange brain (D)
  A shambling mangrove (D)
  3 deep elf archers (D)
  9 deep elf magi (D)
  A shining eye (D)
  3 toenail golems (D)
  2 rime drakes (D)
  2 dryads (D)
  A hellion (D)
  A freezing wraith (D)
  A red devil (D)
  A tormentor (D)
  An ice devil (D)
  A polar bear (D)
  A wind drake (D)
  3 hornets (D)
  6 slime creatures (D)
  2 starcursed masses (D)
  3 flying skulls (D)
  A water elemental (D)
  A shadow (D)
  A basilisk (D)
  A floating eye (D)
  A phantom (D)
  An eye of draining (D)
  A necrophage (D)
  A wolf (D)
  2 bullfrogs (D)
  3 earth elementals (D)
  2 wights (D)
  3 jellies (D)
  A crimson imp (D)
  3 iron imps (D)
  3 iguanas (D)
  2 small abominations (D)
  A mummy (D)
  3 shadow imps (D)
  3 white imps (D)
  2 oozes (D)
  5 adder zombies (D)
  An adder skeleton (D)
  2 bat skeletons (D)
  6 bat zombies (D)
  2 giant cockroach zombies (D)
  A jackal zombie (D)
123 creatures vanquished.

Vanquished Creatures (collateral kills)
  A toenail golem (D)
  2 earth elementals (D)
  A crimson imp (D)
  An iron imp (D)
  A shadow imp (D)
6 creatures vanquished.

Vanquished Creatures (others)
  A spatial maelstrom (D)
1 creature vanquished.

Grand Total: 130 creatures vanquished

Notes
Turn   | Place    | Note
-------+----------+-------------------------------------------
     0 | D        | pib the Octopode Fire Elementalist began the quest for the Orb.
     0 | D        | Reached XP level 1. HP: 11/11 MP: 3/3
     0 | D        | Found a deep blue altar of Sif Muna.
     0 | D        | Found a sacrificial altar of Ru.
     0 | D        | Found a bloodstained altar of Trog.
     0 | D        | Found a stormy altar of Qazlal.
     0 | D        | Found an iron altar of Okawaru.
     0 | D        | Found a sparkling altar of Nemelex Xobeh.
     0 | D        | Found a blossoming altar of Fedhas.
     2 | D        | Found a transporter.
     2 | D        | Found an ancient bone altar of Kikubaaqudgha.
     2 | D        | Found a viscous altar of Jiyva.
     2 | D        | Found a corrupted altar of Lugonu.
     2 | D        | Found a hazy altar of Hepliaklqana.
     2 | D        | Found a burning altar of Makhleb.
     2 | D        | Found an opulent altar of Gozag.
    13 | D        | Banished a spatial maelstrom
    49 | D        | Became a worshipper of Sif Muna the Loreminder
   131 | D        | Entered arena 2.
   131 | D        | Found a transporter.
   132 | D        | Reached XP level 2. HP: 17/17 MP: 3/5
   136 | D        | Reached * piety under Sif Muna
   136 | D        | Reached skill level 4 in Fire Magic
   228 | D        | Reached XP level 3. HP: 21/21 MP: 7/9
   248 | D        | Entered arena 3.
   248 | D        | Noticed a slime creature
   248 | D        | Noticed a slime creature
   248 | D        | Found a transporter.
   249 | D        | Reached XP level 4. HP: 27/27 MP: 10/10
   251 | D        | Killed a slime creature
   251 | D        | Reached ** piety under Sif Muna
   251 | D        | Reached *** piety under Sif Muna
   251 | D        | Reached skill level 5 in Spellcasting
   251 | D        | Reached skill level 6 in Fire Magic
   251 | D        | Reached XP level 5. HP: 31/31 MP: 10/12
   251 | D        | Reached XP level 6. HP: 36/36 MP: 11/14
   254 | D        | Killed a slime creature
   254 | D        | Reached **** piety under Sif Muna
   254 | D        | Reached skill level 7 in Fire Magic
   254 | D        | Reached XP level 7. HP: 41/41 MP: 11/16
   261 | D        | Learned a level 5 spell: Fireball
   290 | D        | Entered arena 4.
   290 | D        | Noticed a flail of holy wrath
   290 | D        | Noticed a deep elf mage
   290 | D        | Noticed a deep elf mage
   290 | D        | Found a transporter.
   292 | D        | Killed a deep elf mage
   292 | D        | Reached skill level 5 in Fighting
   292 | D        | Reached XP level 8. HP: 50/57 MP: 6/17
   292 | D        | Killed a deep elf mage
   294 | D        | Killed a flail of holy wrath
   294 | D        | Reached XP level 9. HP: 55/69 MP: 6/18
   300 | D        | Reached skill level 10 in Dodging
   389 | D        | Learned a level 3 spell: Regeneration
   401 | D        | Entered arena 5.
   401 | D        | Noticed a scimitar of protection
   401 | D        | Noticed an enchanted trident
   401 | D        | Found a transporter.
   402 | D        | Reached skill level 1 in Invocations
   412 | D        | Killed an enchanted trident
   412 | D        | Reached ***** piety under Sif Muna
   412 | D        | Reached skill level 10 in Conjurations
   412 | D        | Killed a scimitar of protection
   412 | D        | Identified Sif Muna's Collected Works on Fetching Aid (Sif Muna gifted it to you in the Dungeon)
   412 | D        | Received a gift from Sif Muna
   412 | D        | Reached skill level 5 in Invocations
   412 | D        | Reached XP level 10. HP: 30/75 MP: 4/21
   531 | D        | Entered arena 6.
   531 | D        | Found a transporter.
   535 | D        | Reached skill level 1 in Necromancy
   537 | D        | Reached skill level 1 in Charms
   556 | D        | Learned a level 6 spell: Bolt of Fire
   565 | D        | Learned a level 8 spell: Ignition
   601 | D        | Entered arena 7.
   601 | D        | Noticed a toenail golem
   601 | D        | Noticed a toenail golem
   601 | D        | Noticed a toenail golem
   601 | D        | Noticed a toenail golem
   605 | D        | Killed a toenail golem
   605 | D        | Reached skill level 8 in Fire Magic
   608 | D        | Found a transporter.
   612 | D        | Killed a toenail golem
   612 | D        | Reached skill level 9 in Fire Magic
   612 | D        | Killed a toenail golem
   612 | D        | Identified Sif Muna's Handbook of Damaging Protection (Sif Muna gifted it to you in the Dungeon)
   612 | D        | Received a gift from Sif Muna
   612 | D        | Reached skill level 10 in Fire Magic
   612 | D        | Killed a toenail golem
   612 | D        | Reached skill level 11 in Fire Magic
   693 | D        | Entered arena 8.
   693 | D        | Noticed a starcursed mass
   697 | D        | Killed a starcursed mass
   699 | D        | Killed a starcursed mass
   699 | D        | Identified Tyxosy's Tome of Ice and Air (Sif Muna gifted it to you in the Dungeon)
   699 | D        | Received a gift from Sif Muna
   699 | D        | Reached skill level 12 in Fire Magic
   704 | D        | Found a transporter.
   826 | D        | Entered arena 9.
   827 | D        | Reached skill level 13 in Fire Magic
   828 | D        | Found a transporter.
   996 | D        | Entered arena 10.
   998 | D        | Received a gift from Sif Muna
  1001 | D        | Found a transporter.
  1008 | D        | Got the amulet of the Philosopher {Faith rElec rPois Dex+2}
  1028 | D        | Identified Sif Muna's Compendium of Helpful Curses (Sif Muna gifted it to you in the Dungeon)
  1174 | D        | Entered arena 11.
  1174 | D        | Noticed a deep elf mage
  1174 | D        | Noticed a hand axe of chopping
  1174 | D        | Noticed a deep elf archer
  1174 | D        | Noticed a deep elf mage
  1174 | D        | Noticed a deep elf archer
  1174 | D        | Noticed a deep elf knight
  1174 | D        | Noticed a deep elf archer
  1174 | D        | Noticed a deep elf mage
  1175 | D        | Killed a deep elf knight
  1175 | D        | Reached ****** piety under Sif Muna
  1175 | D        | Reached skill level 14 in Fire Magic
  1175 | D        | Reached XP level 11. HP: 81/81 MP: 16/23
  1179 | D        | Killed a deep elf archer
  1180 | D        | Killed a deep elf archer
  1180 | D        | Identified Asmodeus's Reference Book on Conjuration (Sif Muna gifted it to you in the Dungeon)
  1180 | D        | Received a gift from Sif Muna
  1180 | D        | Reached skill level 15 in Fire Magic
  1180 | D        | Killed a deep elf mage
  1185 | D        | Killed a hand axe of chopping
  1185 | D        | Reached skill level 16 in Fire Magic
  1186 | D        | Killed a deep elf mage
  1190 | D        | Killed a deep elf mage
  1197 | D        | Found a transporter.
  1198 | D        | Killed a deep elf archer
  1198 | D        | Reached skill level 17 in Fire Magic
  1268 | D        | Got the ring "Xurgh" {rC+ MP-9 Str+4 Dex+6}
  1290 | D        | Learned a level 5 spell: Bolt of Draining
  1436 | D        | Entered arena 12.
  1436 | D        | Noticed a deep elf mage
  1436 | D        | Noticed a war axe of venom
  1436 | D        | Noticed a deep elf knight
  1436 | D        | Noticed a deep elf annihilator
  1436 | D        | Noticed a deep elf mage
  1437 | D        | Noticed a deep elf knight
  1437 | D        | Noticed a deep elf mage
  1437 | D        | Killed a deep elf knight
  1437 | D        | Identified Zuwaq's Reference Book on Creative Confrontation (Sif Muna gifted it to you in the Dungeon)
  1437 | D        | Received a gift from Sif Muna
  1437 | D        | Killed a deep elf mage
  1437 | D        | Killed a deep elf knight
  1437 | D        | Reached skill level 18 in Fire Magic
  1437 | D        | Killed a deep elf annihilator
  1437 | D        | Killed a deep elf mage
  1437 | D        | Reached skill level 19 in Fire Magic
  1437 | D        | Killed a deep elf annihilator
  1437 | D        | Received a gift from Sif Muna
  1437 | D        | Reached XP level 12. HP: 87/87 MP: 21/24
  1438 | D        | Reached skill level 20 in Fire Magic
  1447 | D        | Learned a level 2 spell: Sublimation of Blood
  1448 | D        | Found a transporter.
  1454 | D        | Identified Sif Muna's Compendium of the Shifting Traveller (You found it in the Dungeon)
  1660 | D        | Entered arena 13.
  1660 | D        | Noticed a blizzard demon
  1660 | D        | Noticed a frost giant
  1661 | D        | Killed an ice dragon
  1661 | D        | Identified Anar's Catalogue of Destructive Darkness (Sif Muna gifted it to you in the Dungeon)
  1661 | D        | Received a gift from Sif Muna
  1661 | D        | Reached skill level 10 in Fighting
  1661 | D        | Killed a blizzard demon
  1661 | D        | Killed an ice dragon
  1662 | D        | Noticed a blizzard demon
  1663 | D        | Killed a blizzard demon
  1663 | D        | Killed a frost giant
  1663 | D        | Reached skill level 10 in Spellcasting
  1668 | D        | Found a transporter.
  1732 | D        | Got the amulet "Vudahar" {RegenMP +Inv}
  1782 | D        | Entered arena 14.
  1784 | D        | Noticed a spriggan air mage
  1784 | D        | Noticed a spriggan air mage
  1784 | D        | Noticed a spriggan berserker
  1785 | D        | Killed a spriggan air mage
  1785 | D        | Identified Sif Muna's Incunabulum of Shape Shifting (Sif Muna gifted it to you in the Dungeon)
  1785 | D        | Received a gift from Sif Muna
  1785 | D        | Killed a spriggan air mage
  1785 | D        | Reached skill level 5 in Necromancy
  1785 | D        | Reached XP level 13. HP: 96/96 MP: 27/27
  1786 | D        | Noticed an apis
  1786 | D        | Killed an apis
  1786 | D        | Identified Sif Muna's Compendium of the Harmful Glacier (Sif Muna gifted it to you in the Dungeon)
  1786 | D        | Received a gift from Sif Muna
  1793 | D        | Reached skill level 10 in Necromancy
  1795 | D        | Found a transporter.
  1867 | D        | Learned a level 6 spell: Death Channel
  1893 | D        | Identified Sif Muna's Catalogue of Enthralling Stones (You found it in the Dungeon)
  1980 | D        | Entered arena 15.
  1981 | D        | Noticed a great orb of eyes
  1982 | D        | Received a gift from Sif Muna
  1983 | D        | Killed a great orb of eyes
  1983 | D        | Reached skill level 5 in Charms
  1985 | D        | Found a transporter.
  2067 | D        | Learned a level 6 spell: Deflect Missiles
  2071 | D        | Entered arena 16.
  2072 | D        | Noticed a reaper
  2073 | D        | Reached skill level 1 in Air Magic
  2073 | D        | Received a gift from Sif Muna
  2074 | D        | Killed a reaper
  2076 | D        | Found a transporter.
  2086 | D        | Got the amulet "Zoubats" {Inacc Int+5 Dex-5}
  2135 | D        | Learned a level 6 spell: Shadow Creatures
  2198 | D        | Entered arena 17.
  2202 | D        | Reached skill level 1 in Summonings
  2202 | D        | Received a gift from Sif Muna
  2203 | D        | Noticed a lich
  2204 | D        | Killed a lich
  2216 | D        | Mangled by a red devil

Vault maps used:
D:        sprint_v

Skill      XL: |  1  2  3  4  5  6  7  8  9 10 11 12 13 |
---------------+----------------------------------------+-----
Conjurations   | 2 3 7 8 11 | 11.3
Spellcasting   | 3 5 6 7 8 10 13 | 13.2
Fire Magic     | 4 6 7 14 19 20 | 20.5
Evocations     | 9 |  9.2
Fighting       | 5 9 11 | 11.7
Dodging        | 6 9 10 12 | 12.0
Invocations    | 5 |  5.6
Necromancy     | 1 5 10 | 10.2
Charms         | 1 8 |  8.8
Air Magic      | 4 |  4.1
Summonings     | 4 |  4.4
Stealth        | |  2.6

Action                   |  1- 3 |  4- 6 |  7- 9 | 10-12 | 13-15 || total
-------------------------+-------+-------+-------+-------+-------++-------
Melee: Lance             |       |     2 |       |       |       ||     2
       Tentacles         |       |     1 |       |     3 |     1 ||     5
       Quarterstaff      |       |       |       |     5 |     4 ||     9
       Constrict         |       |       |       |     3 |     1 ||     4
       Staff             |       |       |       |     1 |       ||     1
 Cast: Fireball          |       |       |     5 |    12 |       ||    17
       Regeneration      |       |       |     2 |     4 |       ||     6
       Bolt of Fire      |       |       |       |    19 |       ||    19
       Ignition          |       |       |       |     6 |    15 ||    21
       Sublimation of Bl |       |       |       |     1 |     2 ||     3
       Death Channel     |       |       |       |       |     3 ||     3
       Shadow Creatures  |       |       |       |       |     2 ||     2
Invok: Channel Magic     |       |       |       |     3 |     1 ||     4
       Forget Spell      |       |       |       |     1 |       ||     1
Evoke: Wand              |     5 |     3 |     4 |     9 |     3 ||    24
       Box of beasts     |       |       |     2 |     2 |       ||     4
       Lamp of fire      |       |       |       |     1 |       ||     1
       Phial of floods   |       |       |       |     1 |       ||     1
       Sack of spiders   |       |       |       |     1 |       ||     1
  Use: Potion            |     1 |       |     1 |     6 |     4 ||    12
       Scroll            |       |       |     4 |     4 |     2 ||    10
  Eat: Fruit             |     5 |       |       |     5 |     3 ||    13
       Bread ration      |       |       |       |     3 |       ||     3
       Chunk             |       |       |       |     2 |     2 ||     4
       Meat ration       |       |       |       |     2 |       ||     2
Armor: Skin              |       |       |       |     1 |       ||     1
Dodge: Dodged            |       |       |     6 |    10 |    13 ||    29
Block: Shield            |       |     2 |       |    21 |       ||    23
